 Dungeon Crawl Stone Soup version 0.31-a0-662-g684573625c (webtiles) character file.

Game seed: 2046632924222515216

2979274 freelancePsychic the Impregnable (level 27, 204/204 HPs)
             Began as a Gnoll Delver on Aug 30, 2023.
             Was the Champion of Cheibriados.
             Escaped with the Orb
             ... and 5 runes on Aug 31, 2023!
             The game lasted 02:24:24 (77211 turns).

freelancePsychic the Impregnable (Gnoll Delver)    Turns: 77211, Time: 02:24:25

Health: 204/204    AC: 36    Str: 33    XL:     27
Magic:  46/46      EV: 42    Int: 33    God:    Cheibriados [******]
Gold:   5692       SH: 26    Dex: 42    Spells: 4/65 levels left

rFire   + . .        b - +9 broad axe (flame)
rCold   + + +        s - +5 kite shield {AC+3}
rNeg    . . .        R - +7 swamp dragon scales
rPois   +            (helmet restricted)
rElec   .            i - +2 cloak
rCorr   .            L - +2 pair of gloves
SInv    .            T - +2 pair of boots of the Bagpipe {rPois Dex+4}
Will    ++...        D - amulet of Midsummer {Drain Regen+ Str+6 Dex+2}
Stlth   +++          E - ring of Ziaseo {rF+ rC++}
HPRegen 1.34/turn    d - ring of wizardry
MPRegen 0.30/turn

%: wizardry (x1)
@: studying 2 skills, very slow
A: fangs 1, strong nose, distributed training, antennae 1, talons 1, agile 1,
cold resistance 1, frail 1
0: Orb of Zot
}: 5/15 runes: serpentine, barnacled, slimy, silver, abyssal
a: Renounce Religion, Bend Time, Temporal Distortion, Slouch, Step From Time


You escaped.
You worshipped Cheibriados.
Cheibriados was exalted by your worship.
You visited 13 branches of the dungeon, and saw 57 of its levels.
You visited the Abyss 3 times.
You also visited: Sewer, Gauntlet and Volcano.

You collected 8593 gold pieces.
You spent 2901 gold pieces at shops.

Inventory:

Hand Weapons
 b - a +9 broad axe of flaming (weapon)
Missiles
 q - 14 javelins
 r - 6 throwing nets
Armour
 f - the +0 helmet "Erenokhla" {rN+ MP+9 Slay+3}
   (You found it on level 2 of the Elven Halls)

   Slay+3:    It affects your accuracy & damage with ranged weapons and melee
   (+3).
   rN+:       It protects you from negative energy.
   MP+9:      It affects your magic capacity (+9).
 i - a +2 cloak (worn)
 s - a +5 kite shield of protection (worn)
 L - a +2 pair of gloves (worn)
 R - +7 swamp dragon scales (worn)
 T - the +2 pair of boots of the Bagpipe (worn) {rPois Dex+4}
   (You found it in a Gauntlet)

   Dex+4:     It affects your dexterity (+4).
   rPois:     It protects you from poison
Magical Staves
 a - a staff of fire
 V - a staff of conjuration
Jewellery
 d - a ring of wizardry (right hand)
 o - a +6 ring of intelligence
 y - a ring of magical power
 D - the amulet of Midsummer (around neck) {Drain Regen+ Str+6 Dex+2}
   (You found it on level 3 of the Crypt)

   [amulet of regeneration]

   Str+6:     It affects your strength (+6).
   Dex+2:     It affects your dexterity (+2).
   Regen+:    It increases your rate of health regeneration.
   Drain:     It drains your maximum health when unequipped.
 E - the ring of Ziaseo (left hand) {rF+ rC++}
   (You bought it in a shop on level 2 of the Elven Halls)

   [ring of protection from fire]

   rF+:       It protects you from fire.
   rC++:      It greatly protects you from cold.
 S - the ring of Vohont {rF+ rN+ Will+}
   (You found it on level 3 of the Crypt)

   [ring of positive energy]

   rF+:       It protects you from fire.
   rN+:       It protects you from negative energy.
   Will+:     It increases your willpower.
Wands
 g - a wand of digging (33)
 p - a wand of polymorph (32)
 B - a wand of mindburst (28)
 I - a wand of flame (158)
 K - a wand of acid (24)
 O - a wand of roots (72)
Scrolls
 c - 7 scrolls of fog
 e - 9 scrolls of fear
 m - 4 scrolls of butterflies
 n - 9 scrolls of blinking
 t - 11 scrolls of amnesia
 G - 3 scrolls of silence
 H - 22 scrolls of teleportation {@r4}
 J - 4 scrolls of revelation
 M - 5 scrolls of noise
 Q - 9 scrolls of immolation
 U - 3 scrolls of torment
 Y - 8 scrolls of poison
Potions
 h - 3 potions of resistance
 j - 6 potions of cancellation
 k - 4 potions of might
 l - 4 potions of brilliance
 u - 19 potions of curing {@q1}
 v - 4 potions of attraction
 w - a potion of mutation
 x - 4 potions of ambrosia
 z - 7 potions of magic
 A - 11 potions of lignification
 F - 11 potions of heal wounds {@q2}
 P - a potion of invisibility
 Z - 12 potions of enlightenment
Miscellaneous
 C - a tin of tremorstones (2/2)
 N - the horn of Geryon
 W - a lightning rod (4/4)
 X - a sack of spiders


   Skills:
 + Level 20.8 Fighting
 + Level 20.3 Short Blades
 + Level 19.9 Long Blades
 + Level 19.9 Axes
 + Level 19.9 Maces & Flails
 + Level 19.9 Polearms
 + Level 19.9 Staves
 + Level 19.9 Ranged Weapons
 + Level 19.9 Throwing
 + Level 22.2 Armour
 + Level 20.3 Dodging
 + Level 21.6 Stealth
 + Level 19.9 Shields
 + Level 19.9 Unarmed Combat
 + Level 19.9 Spellcasting
 + Level 18.5 Conjurations
 + Level 17.0 Hexes
 + Level 17.0 Summonings
 + Level 17.0 Necromancy
 + Level 17.0 Translocations
 + Level 17.0 Transmutations
 + Level 17.0 Fire Magic
 + Level 17.0 Ice Magic
 + Level 17.0 Air Magic
 + Level 17.0 Earth Magic
 + Level 17.0 Poison Magic
 + Level 21.5 Invocations
 + Level 19.9 Evocations
 + Level 18.4 Shapeshifting


You had 4 spell levels left.
You knew the following spells:

 Your Spells              Type           Power      Damage    Failure   Level
a - Eringya's Noxious Bo  Tmut/Pois      49%        4d6       1%          6
b - Plasma Beam           Fire/Air       49%        2x1d63    1%          6
c - Lehudib's Crystal Sp  Conj/Erth      50%        10d12     2%          8
d - Olgreb's Toxic Radia  Pois           98%        N/A       0%          4
e - Ozocubu's Refrigerat  Ice            49%        4d18      1%          7
f - Ignition              Fire           49%        3d14      3%          8
g - Shatter               Erth           49%        3d37*     45%         9
h - Irradiate             Conj/Tmut      50%        3d28      1%          5
i - Arcjolt               Conj/Air       50%        1d60      1%          5
j - Ignite Poison         Fire/Tmut/Pois 98%        N/A       0%          3

Your spell library contained the following spells:

 Spells                   Type           Power      Damage    Failure   Level
 Apportation              Tloc           100%       N/A       0%          1
 Foxfire                  Conj/Fire      100%       2x1d9     0%          1
 Magic Dart               Conj           100%       1d8       0%          1
 Necrotise                Necr           100%       1d9       0%          1
 Slow                     Hex            100%       N/A       0%          1
 Sting                    Tmut/Pois      100%       1d8       0%          1
 Summon Small Mammal      Summ           100%       N/A       0%          1
 Blink                    Tloc           100%       N/A       0%          2
 Call Imp                 Summ           100%       N/A       0%          2
 Cigotuvi's Dreadful Rot  Necr/Pois/Air  100%       N/A       0%          2
 Lesser Beckoning         Tloc           100%       N/A       0%          2
 Momentum Strike          Conj/Tloc      100%       3d10      0%          2
 Poisonous Vapours        Pois/Air       100%       N/A       0%          2
 Scorch                   Fire           100%       2d9       0%          2
 Searing Ray              Conj           100%       2d8       0%          2
 Static Discharge         Conj/Air       100%       2-7/arc   0%          2
 Sublimation of Blood     Necr           98%        N/A       0%          2
 Confusing Touch          Hex            98%        N/A       0%          3
 Gell's Gravitas          Tloc           98%        N/A       0%          3
 Hailstorm                Conj/Ice       100%       3d20      0%          3
 Inner Flame              Hex/Fire       98%        N/A       0%          3
 Mephitic Cloud           Conj/Pois/Air  99%        N/A       0%          3
 Ozocubu's Armour         Ice            98%        N/A       0%          3
 Portal Projectile        Hex/Tloc       100%       N/A       0%          3
 Summon Guardian Golem    Hex/Summ       98%        N/A       0%          3
 Swiftness                Air            98%        N/A       0%          3
 Teleport Other           Tloc           98%        N/A       0%          3
 Tukima's Dance           Hex            98%        N/A       0%          3
 Vampiric Draining        Necr           98%        2d13      0%          3
 Volatile Blastmotes      Fire/Tloc      100%       2d18      0%          3
 Anguish                  Hex/Necr       49%        N/A       0%          4
 Animate Armour           Summ/Erth      100%       N/A       0%          4
 Cause Fear               Hex            49%        N/A       0%          4
 Dispel Undead            Necr           98%        3d31      0%          4
 Flame Wave               Conj/Fire      100%       2d21      0%          4
 Fulminant Prism          Conj/Hex       50%        3d23      0%          4
 Iskenderun's Mystic Bla  Conj/Tloc      100%       2d19      0%          4
 Manifold Assault         Tloc           98%        N/A       0%          4
 Passage of Golubria      Tloc           98%        N/A       0%          4
 Petrify                  Tmut/Erth      98%        N/A       0%          4
 Sticky Flame             Conj/Fire      100%       2d11      0%          4
 Summon Ice Beast         Ice/Summ       98%        N/A       0%          4
 Vhi's Electric Charge    Tloc/Air       100%       N/A       0%          4
 Alistair's Intoxication  Tmut/Pois      65%        N/A       1%          5
 Lee's Rapid Deconstruct  Erth           49%        3d23*     1%          5
 Yara's Violent Unravell  Hex/Tmut       49%        3d19      1%          5
 Conjure Ball Lightning   Conj/Air       50%        3x3d17    1%          6
 Death Channel            Necr           49%        N/A       1%          6
 Dispersal                Tloc           49%        N/A       1%          6
 Simulacrum               Ice/Necr       49%        N/A       1%          6
 Starburst                Conj/Fire      50%        6d14      1%          6
 Summon Cactus Giant      Summ           49%        N/A       1%          6
 Enfeeble                 Hex            49%        N/A       1%          7
 Orb of Destruction       Conj           50%        9d13      1%          7
 Spellforged Servitor     Conj/Summ      50%        N/A       1%          7
 Summon Hydra             Summ           49%        N/A       1%          7
 Discord                  Hex            49%        N/A       3%          8
 Disjunction              Tloc           49%        N/A       3%          8
 Chain Lightning          Conj/Air       50%        3d66      36%         9
 Polar Vortex             Ice            49%        12d6*     45%         9


Dungeon Overview and Level Annotations

Branches:
Dungeon (15/15)            Temple (1/1) D:6            Lair (5/5) D:10
 Shoals (4/4) Lair:2        Snake (4/4) Lair:3        Slime (5/5) Lair:4
    Orc (2/2) D:9             Elf (3/3) Orc:2        Vaults (5/5) D:13
  Crypt (3/3) Vaults:3       Tomb (0/3) Crypt:3      Depths (4/4) D:15
   Hell (visited)             Dis (0/7) Hell            Geh (0/7) Hell
    Coc (0/7) Hell            Tar (0/7) Hell            Zot (5/5) Depths:4
  Sewer (visited)         Volcano (visited)         Gauntlet (visited)

Altars:
Ashenzari
Cheibriados
Dithmenos
Elyvilon
Fedhas
Gozag
Hepliaklqana
Kikubaaqudgha
Makhleb
Nemelex Xobeh
Okawaru
Qazlal
Ru
Sif Muna
Trog
Uskayaw
Vehumet
Wu Jian
Xom
Yredelemnul
Zin
The Shining One
Jiyva
Lugonu

Shops:
D:2 :   Orc:1 *   Orc:2 [*?[   Elf:1 (   Elf:2 =   Shoals:3 [*(*   Snake:4 =:=
Vaults:5 !

Portals:
Hell: Depths:1 Depths:2 Depths:3 Depths:4
Abyss: Depths:2 Depths:3
Pandemonium: Depths:1 Depths:2
Ziggurat: Depths:2

Annotations:
D:2 Sigmund
D:5 Edmund
D:9 exclusion: orange crystal statue
D:12 2 transporters, exclusion: ice statue, Lysca's ghost, journeyman BaSu
Shoals:2 3 runed translucent doors, Taczaky's ghost, journeyman MiFi
Elf:2 3 runed translucent doors
Depths:1 1 runed translucent door, Pikuto's ghost, adept MiBe
Zot:1 2 transporters, exclusion: door, Emoisch's ghost, adept MiFi


Innate Abilities, Weirdness & Mutations

You have very sharp teeth.
Your uncanny sense of smell can sniff out nearby items.
Your experience applies equally to all skills.
You have a pair of small antennae on your head.
You have sharp toenails.
You are agile. (Dex +4, Str/Int -1)
Your flesh is cold resistant. (rC+)
You are frail. (-10% HP)


Message History

The Orb Guardian is severely wounded.
The Orb Guardian completely misses you.
You slash the Orb Guardian! You burn the Orb Guardian.
You bite the Orb Guardian, but do no damage.
The Orb Guardian is almost dead.
You block the Orb Guardian's attack.
You miss the Orb Guardian.
The Orb Guardian is almost dead.
The Orb Guardian hits you but does no damage.
The Orb Guardian barely misses you.
You slash the Orb Guardian! You burn the Orb Guardian.
You kill the Orb Guardian!
Cheibriados appreciates the change of pace.
No target in view!
No target in view!
No target in view!
No target in view!
No target in view!
No target in view!
No target in view!
What level of the Dungeon? (default 1, ? - help) Magic restored.
A hell beast comes into view.
Unknown command.
You can't see any susceptible monsters within range! (Use Z to cast anyway.)
The crystal spear hits the hell beast!!!!
The hell beast is almost dead.
The crystal spear hits the hell beast!!!
You kill the hell beast!
Cheibriados appreciates the change of pace.
You can't see any susceptible monsters within range! (Use Z to cast anyway.)
What level of the Dungeon? (default 1, ? - help)
You sense a monster nearby.
There is a stone staircase leading down here.
Unknown command.
What level of the Dungeon? (default 1, ? - help)
There is an open door here.
There is a staircase leading out of the dungeon here.
Unknown command.
You have escaped!

###########.##.##รท...
#......##......##....
#.####.##{..#..##....
#.'.##.######..##....
#.#.##..>............
#.#.####.##.#........
#.#.# #......#######
#.#.## ######..######
#.'.@# #....##.......
#.#.## #....#########
#.#.# #....# #.#.#
#....# #.#.#
#....####### #.+.#
#..........### #####
#..........'..
#..........###
#.........[#


There were no monsters in sight!

Vanquished Creatures
  the Royal Jelly (Slime:5)
  7 orbs of fire
  9 ancient liches
  6 dread liches
  A juggernaut (Depths:4)
  Sojobo (Depths:3)
  2 pandemonium lords
  Boris (Crypt:2)
  2 Killer Klowns (Zot:5)
  2 curse toes
  Saint Roka (Snake:4)
  3 caustic shrikes (Depths:4)
  Xtahua (Vaults:4)
  9 golden dragons
  Nikola (Snake:2)
  Geryon (Hell)
  Norris (D:15)
  A Tzitzimitl (Depths:4)
  3 electric golems
  2 bone dragons
  2 walking crystal tomes
  18 tentacled monstrosities
  28 Orb Guardians
  11 quicksilver dragons
  8 liches
  11 acid blobs
  3 deep elf blademasters (Elf:3)
  4 titans
  A deep elf master archer (Elf:3)
  6 ancient champions
  5 sphinxes
  A tentacled starspawn (Abyss:2)
  14 shadow dragons
  The ghost of Barug the Brawler, an adept TrMo of Nemelex Xobeh (Depths:2)
  Kirke (Shoals:1)
  21 storm dragons
  9 death cobs
  4 nagarajas (Snake:4)
  11 tengu reavers
  6 fire giants
  4 draconian monks
  8 rockslimes
  11 deep elf sorcerers
  6 draconian knights
  11 azure jellies
  5 draconian scorchers
  10 vault wardens
  Ilsuiw (Shoals:2)
  4 deep elf elementalists (Elf:3)
  A caustic shrike zombie (Depths:1)
  A juggernaut zombie (Crypt:2)
  8 frost giants
  2 ghost moths
  3 iron dragons
  3 curse skulls (Crypt:2)
  5 spectral caustic shrikes (Depths:4)
  A balrug (Abyss:3)
  8 draconian annihilators
  An orc warlord (Vaults:3)
  A demonspawn corrupter (D:15)
  7 draconian stormcallers
  6 draconian shifters
  2 cacodemons
  5 reapers (Hell)
  12 quicksilver oozes
  18 ghouls
  5 formless jellyfish
  18 ironbound preservers
  5 war gargoyles
  A demonspawn blood saint (D:15)
  25 very ugly things
  2 grey draconians (Depths:4)
  11 stone giants
  9 ironbound thunderhulks
  13 green draconians
  6 deep elf demonologists
  16 black draconians
  6 lorocyprocas
  11 red draconians
  3 elemental wellsprings (Hell)
  14 dire elephants
  8 spark wasps
  5 vampire knights
  8 white draconians
  A minotaur (Gauntlet)
  15 purple draconians
  7 deep elf annihilators
  6 deep elf death magi
  4 yellow draconians
  12 fire dragons
  3 crystal guardians
  4 blizzard demons
  2 eidola (Crypt:2)
  5 iron golems
  A quicksilver dragon zombie (Vaults:1)
  10 ettins
  15 jiangshi
  A green death (Hell)
  2 merfolk javelineers
  13 merfolk impalers
  3 spriggan zombies
  13 yaktaur captains
  5 deep elf high priests
  2 entropy weavers
  2 hell beasts
  44 vault guards
  A rakshasa (Depths:1)
  12 great orbs of eyes
  3 ice dragons
  A salamander tyrant (Snake:4)
  2 peacekeepers
  3 ogre magi
  A merfolk avatar (Shoals:4)
  A caustic shrike simulacrum (Crypt:2)
  3 alligator snapping turtles
  4 merfolk aquamancers
  3 spriggan air magi
  3 catoblepae (Lair:5)
  6 ironbound frosthearts
  11 anacondas
  6 boulder beetles
  19 dancing weapons
  A two-headed ogre (shapeshifter) (D:15)
  13 hydras
  2 spriggan skeletons
  14 two-headed ogres
  10 tengu warriors
  7 centaur warriors
  15 death yaks
  3 orc high priests (Orc:2)
  9 vampire magi
  20 naga warriors
  7 deep troll shamans
  3 shock serpents
  4 titan zombies
  7 naga sharpshooters
  8 deep troll earth magi
  2 demonic crawlers
  Nergalle (Lair:1)
  Urug (Lair:1)
  4 spriggan berserkers
  2 thrashing horrors (Abyss:2)
  11 deep elf knights
  7 soul eaters
  11 hell knights
  7 skysharks
  5 sixfirhies
  6 sun demons
  A titan skeleton (Crypt:3)
  2 salamander mystics
  6 shadow wraiths
  A wretched star (Abyss:3)
  39 skeletal warriors
  48 deep trolls
  9 iron trolls
  2 golden dragon zombies
  10 sea snakes
  A kraken simulacrum (Shoals:4)
  8 bog bodies
  10 lindwurms
  4 flayed ghosts
  3 glowing orange brains
  11 phantasmal warriors
  3 swamp dragons (Depths:4)
  3 naga ritualists
  A spriggan simulacrum (Hell)
  23 ironbound convokers
  8 wizards
  23 harpies
  10 deep elf archers
  A wolf spider (Vaults:5)
  9 orc knights
  33 deep elf pyromancers
  15 deep elf zephyrmancers
  10 mana vipers
  15 necromancers
  4 orc sorcerers (Orc:2)
  57 ugly things
  An oklob plant (Lair:2)
  A frost giant zombie (Depths:3)
  A tengu skeleton (Vaults:3)
  A broodmother zombie (Crypt:1)
  6 draconians (Abyss:3)
  10 large abominations
  An eleionoma zombie (Crypt:2)
  21 moths of wrath
  21 manticores
  12 merfolk sirens
  17 cyclopes
  5 shining eyes
  5 fauns
  A stone giant zombie (Depths:1)
  7 elephants
  5 salamanders
  An iron dragon skeleton (Hell)
  2 stone giant skeletons (Vaults:3)
  7 guardian serpents
  An alligator skeleton (Volcano)
  A jorogumo skeleton (Crypt:1)
  A fire giant skeleton (Depths:1)
  4 rust devils
  14 naga magi
  12 vault sentinels
  A frost giant skeleton (Depths:3)
  3 torpor snails
  5 smoke demons
  A dire elephant zombie (Crypt:2)
  Joseph (Lair:1)
  7 molten gargoyles
  3 gargoyles (Volcano)
  A storm dragon simulacrum (Depths:1)
  Maggie (D:10)
  32 black mambas
  A hellion (Depths:4)
  An unseen horror (D:12)
  10 water nymphs
  2 centaur skeletons
  2 dire elephant skeletons
  3 orange demons
  A kobold demonologist (D:10)
  15 cane toads
  2 efreet
  10 rime drakes
  34 yaktaurs
  A swamp worm zombie (Crypt:1)
  A rime drake (shapeshifter) (Elf:2)
  An ancient zyme (Abyss:2)
  A bunyip simulacrum (Hell)
  A tormentor (Abyss:3)
  3 freezing wraiths
  9 komodo dragons
  A yellow draconian zombie (Crypt:1)
  5 tengu conjurers
  A green draconian skeleton (Crypt:2)
  A sea snake skeleton (Crypt:2)
  A catoblepas skeleton (Crypt:3)
  A harpy zombie (Hell)
  A minotaur skeleton (Crypt:2)
  2 ice devils
  2 red devils
  8 trolls
  4 meliai (D:15)
  5 wind drakes
  A hornet (Depths:1)
  30 merfolk
  3 polar bears
  6 raiju (Abyss:3)
  An iron troll skeleton (Crypt:2)
  A hellwing (Depths:2)
  7 blink frogs
  8 dream sheep
  6 snapping turtles
  A tarantella zombie (Crypt:2)
  6 harpy skeletons
  127 slime creatures
  2 shadows
  A spriggan (Depths:1)
  A naga simulacrum (Hell)
  3 air elementals
  A culicivora (Vaults:3)
  A culicivora (shapeshifter) (D:13)
  2 centaur simulacra (Hell)
  40 flying skulls
  12 water elementals
  58 yaks
  14 starcursed masses
  6 wraiths
  Grum (D:10)
  A fire bat (D:7)
  3 ynoxinuls
  5 fire elementals
  8 golden eyes (Slime:2)
  15 wyverns
  2 hogs (Shoals:1)
  4 humans (Lair:4)
  A redback (Vaults:3)
  2 chaos spawn
  4 wargs
  3 steam dragons
  19 vampire mosquitoes
  2 basilisks
  3 harpy simulacra (Hell)
  2 neqoxecs (Depths:2)
  An acid dragon (D:11)
  A water nymph zombie (Crypt:1)
  40 nagas
  22 water moccasins
  10 hell hounds
  A floating eye (Crypt:1)
  17 orc warriors
  An ice dragon simulacrum (Hell)
  A swamp drake (shapeshifter) (D:15)
  2 black bears (D:6)
  A sky beast (D:7)
  13 wolves
  10 ogres
  9 boggarts
  8 centaurs
  A dream sheep skeleton (Crypt:1)
  17 bullfrogs
  4 kobold brigands
  3 gnoll sergeants
  10 small abominations
  A komodo dragon zombie (Crypt:2)
  An earth elemental (Elf:2)
  6 human skeletons
  10 necrophages
  2 scorpions
  A wight (D:10)
  11 killer bees
  5 electric eels
  6 howler monkeys
  A polar bear skeleton (Crypt:1)
  2 lava snakes (D:11)
  2 jellies
  14 orc priests
  Crazy Yiuf (D:7)
  5 hounds
  4 iguanas
  3 sleepcaps
  18 hell rats
  19 orc wizards
  2 naga zombies
  2 human simulacra
  4 naga skeletons
  A hound skeleton (Crypt:2)
  22 gnolls
  14 adders
  3 shadow imps (Gauntlet)
  8 white imps
  3 ufetubi
  An adder skeleton (Crypt:1)
  2 worms
  A dart slug (D:4)
  65 orcs
  8 endoplasms
  5 giant cockroaches
  6 goblins
  7 hobgoblins
  4 jackals (D:2)
  14 kobolds
  15 quokkas
  17 ball pythons
  5 bats
  6 frilled lizards
  10 rats
  2 starspawn tentacles (Abyss:2)
2596 creatures vanquished.

Vanquished Creatures (others)
  A death cob (Zot:1)
  A storm dragon (Zot:1)
  A draconian knight (Zot:2)
  A draconian scorcher (Zot:5)
  A deep elf high priest (Elf:3)
  An apocalypse crab (Abyss:2)
  A centaur simulacrum (D:15)
  A human (Shoals:1)
  An orc priest (D:13)
  A starcursed mass (Abyss:3)
  2 orc wizards
  A human simulacrum (D:13)
13 creatures vanquished.

Grand Total: 2609 creatures vanquished

Notes
Turn   | Place    | Note
-------+----------+-------------------------------------------
     0 | D:5      | freelancePsychic the Gnoll Delver began the quest for the
                  | Orb.
     0 | D:5      | Reached XP level 1. HP: 23/23 MP: 1/1
    23 | D:5      | Noticed Edmund
    62 | D:4      | Noticed an orc wizard
   389 | D:2      | Noticed a walking earthen tome
   415 | D:2      | Reached XP level 2. HP: 29/29 MP: 2/2
   994 | D:1      | Reached XP level 3. HP: 35/35 MP: 3/3
  1199 | D:2      | Found Lutosh's Book Shop.
  1199 | D:2      | Noticed a walking earthen tome
  1208 | D:2      | Reached skill level 1 in Invocations
  1366 | D:2      | Reached skill level 1 in Long Blades
  1366 | D:2      | Reached skill level 1 in Axes
  1366 | D:2      | Reached skill level 1 in Maces & Flails
  1366 | D:2      | Reached skill level 1 in Polearms
  1366 | D:2      | Reached skill level 1 in Staves
  1366 | D:2      | Reached skill level 1 in Ranged Weapons
  1366 | D:2      | Reached skill level 1 in Throwing
  1366 | D:2      | Reached skill level 1 in Armour
  1366 | D:2      | Reached skill level 1 in Shields
  1366 | D:2      | Reached skill level 1 in Unarmed Combat
  1366 | D:2      | Reached skill level 1 in Spellcasting
  1366 | D:2      | Reached skill level 1 in Evocations
  1389 | D:2      | Reached XP level 4. HP: 39/41 MP: 5/5
  1395 | D:2      | Reached skill level 1 in Shapeshifting
  1543 | D:2      | Found a faded altar of an unknown god.
  1559 | D:2      | Upgraded the game from 0.31-a0-656-gb4d89c20fa to
                  | 0.31-a0-662-g684573625c
  1972 | D:2      | Noticed Sigmund
  2103 | D:3      | Noticed a scorpion
  2113 | D:3      | Killed a scorpion
  2114 | D:3      | Reached skill level 1 in Conjurations
  2114 | D:3      | Reached skill level 1 in Hexes
  2114 | D:3      | Reached skill level 1 in Summonings
  2114 | D:3      | Reached skill level 1 in Necromancy
  2114 | D:3      | Reached skill level 1 in Translocations
  2114 | D:3      | Reached skill level 1 in Transmutations
  2114 | D:3      | Reached skill level 1 in Fire Magic
  2114 | D:3      | Reached skill level 1 in Ice Magic
  2114 | D:3      | Reached skill level 1 in Air Magic
  2114 | D:3      | Reached skill level 1 in Earth Magic
  2114 | D:3      | Reached skill level 1 in Poison Magic
  2114 | D:3      | Reached XP level 5. HP: 41/47 MP: 4/7
  2137 | D:3      | Gained mutation: You have large cloven feet. [potion of
                  | mutation]
  2137 | D:3      | Gained mutation: You are partially covered in iridescent
                  | scales. (AC +2) [potion of mutation]
  2580 | D:3      | Reached XP level 6. HP: 53/53 MP: 8/8
  3055 | D:4      | Reached skill level 5 in Short Blades
  3055 | D:4      | Reached skill level 5 in Dodging
  3058 | D:4      | Reached skill level 2 in Armour
  3368 | D:4      | Identified the +2 leather armour "Ihecyss" {+Blink rPois
                  | SInv Stlth-}
  3476 | D:4      | Found a radiant altar of Vehumet.
  3985 | D:5      | Reached XP level 7. HP: 59/59 MP: 10/10
  4963 | D:6      | Found a glowing drain.
  4977 | Sewer    | Entered a sewer
  5278 | Sewer    | Reached skill level 10 in Stealth
  5585 | D:6      | Reached skill level 3 in Armour
  5585 | D:6      | Reached XP level 8. HP: 67/67 MP: 12/12
  5621 | D:6      | Noticed a yak
  5851 | D:6      | Noticed a yak
  5906 | D:6      | Noticed a two-headed ogre
  5932 | D:6      | Killed a two-headed ogre
  5933 | D:6      | Reached skill level 4 in Armour
  5933 | D:6      | Reached XP level 9. HP: 15/74 MP: 4/15
  6296 | D:2      | Bought a Young Poisoner's Handbook for 280 gold pieces
  6301 | D:2      | Learned a level 4 spell: Olgreb's Toxic Radiance
  6304 | D:2      | Learned a level 2 spell: Poisonous Vapours
  6872 | D:6      | Found a staircase to the Ecumenical Temple.
  6882 | Temple   | Entered the Ecumenical Temple
  6952 | Temple   | Became a worshipper of Cheibriados the Contemplative
  7173 | D:6      | Reached skill level 5 in Invocations
  7388 | D:7      | Reached XP level 10. HP: 72/80 MP: 15/17
  7397 | D:7      | Reached * piety under Cheibriados
  7596 | D:7      | Reached skill level 5 in Long Blades
  7596 | D:7      | Reached skill level 5 in Axes
  7596 | D:7      | Reached skill level 5 in Maces & Flails
  7596 | D:7      | Reached skill level 5 in Polearms
  7596 | D:7      | Reached skill level 5 in Staves
  7596 | D:7      | Reached skill level 5 in Ranged Weapons
  7596 | D:7      | Reached skill level 5 in Throwing
  7596 | D:7      | Reached skill level 5 in Armour
  7596 | D:7      | Reached skill level 5 in Shields
  7596 | D:7      | Reached skill level 5 in Unarmed Combat
  7596 | D:7      | Reached skill level 5 in Spellcasting
  7596 | D:7      | Reached skill level 5 in Evocations
  7861 | D:7      | Found a runed translucent door.
  7862 | D:7      | Noticed Crazy Yiuf
  8096 | D:7      | Killed Crazy Yiuf
  8403 | D:8      | Learned a level 4 spell: Vhi's Electric Charge
  8708 | D:8      | Reached ** piety under Cheibriados
  9272 | D:8      | Noticed a two-headed ogre
  9277 | D:8      | Killed a two-headed ogre
  9278 | D:8      | Reached skill level 5 in Shapeshifting
  9756 | D:9      | Found a shadowy altar of Dithmenos.
  9845 | D:9      | Reached XP level 11. HP: 84/87 MP: 18/19
  9848 | D:9      | Reached skill level 6 in Armour
  9852 | D:9      | Reached *** piety under Cheibriados
  9853 | D:9      | Reached skill level 5 in Conjurations
  9853 | D:9      | Reached skill level 5 in Hexes
  9853 | D:9      | Reached skill level 5 in Summonings
  9853 | D:9      | Reached skill level 5 in Necromancy
  9853 | D:9      | Reached skill level 5 in Translocations
  9853 | D:9      | Reached skill level 5 in Transmutations
  9853 | D:9      | Reached skill level 5 in Fire Magic
  9853 | D:9      | Reached skill level 5 in Ice Magic
  9853 | D:9      | Reached skill level 5 in Air Magic
  9853 | D:9      | Reached skill level 5 in Earth Magic
  9853 | D:9      | Reached skill level 5 in Poison Magic
  9985 | D:9      | Found a shimmering blue altar of Sif Muna.
 10206 | D:9      | Noticed an orange crystal statue
 10426 | D:9      | Found a staircase to the Orcish Mines.
 11240 | Orc:1    | Entered Level 1 of the Orcish Mines
 11240 | Orc:1    | Found Noiff's General Store.
 11311 | Orc:1    | Reached **** piety under Cheibriados
 11397 | Orc:1    | Noticed a cyclops
 11405 | Orc:1    | Killed a cyclops
 11424 | Orc:1    | Noticed an orc knight
 11437 | Orc:1    | Killed an orc knight
 11751 | Orc:2    | Entered Level 2 of the Orcish Mines
 11772 | Orc:2    | Noticed an orc knight
 11785 | Orc:2    | Killed an orc knight
 11947 | Orc:2    | Noticed an orc high priest
 11961 | Orc:2    | Noticed an orc knight
 11963 | Orc:2    | Killed an orc high priest
 11963 | Orc:2    | Noticed an orc sorcerer
 11965 | Orc:2    | Noticed a sun demon
 11966 | Orc:2    | Noticed a sixfirhy
 11967 | Orc:2    | Killed an orc sorcerer
 11977 | Orc:2    | Killed an orc knight
 12134 | Orc:2    | Noticed an orc sorcerer
 12142 | Orc:2    | Killed an orc sorcerer
 12197 | Orc:2    | Noticed an orc sorcerer
 12204 | Orc:2    | Killed an orc sorcerer
 12321 | Orc:2    | Noticed an orc knight
 12336 | Orc:2    | Killed an orc knight
 12337 | Orc:2    | Reached skill level 7 in Armour
 12337 | Orc:2    | Reached XP level 12. HP: 91/97 MP: 19/22
 12445 | Orc:2    | Found a staircase to the Elven Halls.
 12812 | Orc:2    | Noticed an orc high priest
 12813 | Orc:2    | Noticed an orc high priest
 12820 | Orc:2    | Killed an orc high priest
 12825 | Orc:2    | Killed an orc high priest
 12841 | Orc:2    | Found Goycyu's Antique Armour Shoppe.
 12841 | Orc:2    | Found Noaveuph's Magic Scroll Shop.
 13046 | Orc:2    | Found Vamut's General Store.
 13046 | Orc:2    | Found Hopn's Armour Shop.
 13231 | Orc:2    | Bought a scroll of blinking for 105 gold pieces
 13231 | Orc:2    | Bought a scroll of immolation for 56 gold pieces
 13231 | Orc:2    | Bought a scroll of teleportation for 42 gold pieces
 13234 | Orc:2    | Bought a potion of magic for 112 gold pieces
 13523 | D:2      | Bought the Spellbook of Nausea for 364 gold pieces
 13529 | D:2      | Learned a level 5 spell: Arcjolt
 13807 | D:10     | Entered Level 10 of the Dungeon
 13807 | D:10     | Found a broken altar of Ashenzari.
 13872 | D:10     | Found a staircase to the Lair.
 13890 | D:10     | Noticed a two-headed ogre
 13897 | D:10     | Killed a two-headed ogre
 13992 | D:10     | Found a basalt altar of Yredelemnul.
 13994 | D:10     | Noticed Grum
 14001 | D:10     | Killed Grum
 14002 | D:10     | Reached skill level 10 in Fighting
 14281 | D:10     | Noticed Maggie
 14296 | D:10     | Killed Maggie
 14511 | D:10     | Found a shimmering blue altar of Sif Muna.
 14519 | D:10     | Found a bloodstained altar of Trog.
 14520 | D:10     | Found a sparkling altar of Nemelex Xobeh.
 14520 | D:10     | Found a burning altar of Makhleb.
 14892 | D:10     | Noticed a centaur warrior
 14892 | D:10     | Noticed a centaur warrior
 14911 | D:10     | Killed a centaur warrior
 14911 | D:10     | Killed a centaur warrior
 14911 | D:10     | Reached ***** piety under Cheibriados
 14936 | D:10     | Reached skill level 8 in Armour
 14936 | D:10     | Reached XP level 13. HP: 88/104 MP: 16/25
 14936 | D:10     | Found the necklace of Bloodlust {Fury *Rage Will++ Int-3
                  | Slay+6}
 15434 | D:11     | Found a gate leading to a gauntlet.
 15443 | Gauntlet | Entered a Gauntlet
 15443 | Gauntlet | Found a transporter.
 15443 | Gauntlet | Found a transporter.
 15449 | Gauntlet | Found a transporter.
 15461 | Gauntlet | Found a transporter.
 15479 | Gauntlet | Found a transporter.
 15479 | Gauntlet | Found a transporter.
 15479 | Gauntlet | Found a transporter.
 15481 | Gauntlet | Found a transporter.
 15482 | Gauntlet | Found a transporter.
 15483 | Gauntlet | Noticed a green death
 15494 | Gauntlet | Found a transporter.
 15513 | Gauntlet | Found a transporter.
 15517 | Gauntlet | Noticed a reaper
 15520 | Gauntlet | Found a transporter.
 15534 | Gauntlet | Found a transporter.
 15554 | Gauntlet | Found a transporter.
 15790 | Gauntlet | Identified the +2 pair of boots of the Bagpipe {rPois
                  | Dex+4}
 15877 | Gauntlet | Noticed a minotaur
 15889 | Gauntlet | Killed a minotaur
 16773 | D:11     | Noticed an ettin
 16854 | D:12     | Found a transporter.
 16875 | D:12     | Noticed Lysca's ghost (journeyman BaSu)
 16878 | D:12     | Found a transporter.
 17599 | D:13     | Noticed Sonja
 17600 | D:13     | Sonja changed into Sonja the bullfrog
 17600 | D:13     | Noticed Sonja
 17602 | D:13     | Killed Sonja the bullfrog
 17734 | Lair:1   | Entered Level 1 of the Lair of Beasts
 17739 | Lair:1   | Noticed Urug
 17744 | Lair:1   | Reached skill level 10 in Short Blades
 17744 | Lair:1   | Reached skill level 10 in Dodging
 17747 | Lair:1   | Killed Urug
 17755 | Lair:1   | Learned a level 6 spell: Eringya's Noxious Bog
 17808 | Lair:1   | Reached ****** piety under Cheibriados
 17865 | Lair:1   | Noticed Joseph
 17874 | Lair:1   | Killed Joseph
 17892 | Lair:1   | Identified the +1 ring mail "Pizubr Jodi" {rC++ rCorr Dex+4
                  | Stlth-}
 18044 | Lair:1   | Reached skill level 9 in Armour
 18044 | Lair:1   | Reached XP level 14. HP: 108/113 MP: 12/27
 18184 | Lair:1   | Noticed Nergalle
 18193 | Lair:1   | Killed Nergalle
 19038 | Lair:2   | Reached skill level 10 in Invocations
 19074 | Lair:2   | Found a staircase to the Shoals.
 19305 | Lair:2   | You fall into a shaft and drop 2 floors!
 19337 | Lair:4   | Found a dark tunnel.
 19344 | Volcano  | Entered a volcano
 20462 | Lair:4   | Found a viscous altar of Jiyva.
 20462 | Lair:4   | Found a staircase to the Slime Pits.
 20576 | Lair:3   | Found a staircase to the Snake Pit.
 20644 | Lair:3   | Reached XP level 15. HP: 120/120 MP: 28/28
 20999 | Lair:3   | Reached skill level 10 in Long Blades
 20999 | Lair:3   | Reached skill level 10 in Axes
 20999 | Lair:3   | Reached skill level 10 in Maces & Flails
 20999 | Lair:3   | Reached skill level 10 in Polearms
 20999 | Lair:3   | Reached skill level 10 in Staves
 20999 | Lair:3   | Reached skill level 10 in Ranged Weapons
 20999 | Lair:3   | Reached skill level 10 in Throwing
 20999 | Lair:3   | Reached skill level 10 in Armour
 20999 | Lair:3   | Reached skill level 10 in Shields
 20999 | Lair:3   | Reached skill level 10 in Unarmed Combat
 20999 | Lair:3   | Reached skill level 10 in Spellcasting
 20999 | Lair:3   | Reached skill level 10 in Evocations
 21717 | Lair:2   | Identified the +8 chain mail of the Sacrificial Victim {rC+
                  | Will- rCorr}
 21940 | Lair:5   | Entered Level 5 of the Lair of Beasts
 22672 | Lair:5   | Identified the +3 sling of Compound Interest {drain, rC+
                  | Stlth+}
 23392 | D:10     | Learned a level 6 spell: Plasma Beam
 23540 | D:13     | Found a gate to the Vaults.
 24219 | D:13     | Reached XP level 16. HP: 129/129 MP: 14/30
 24937 | D:14     | Found a transporter.
 25200 | D:14     | Reached skill level 10 in Shapeshifting
 25345 | D:14     | Found a transporter.
 25472 | D:15     | Entered Level 15 of the Dungeon
 25635 | D:15     | Reached skill level 11 in Armour
 25662 | D:15     | Found a staircase to the Depths.
 25742 | D:15     | Paralysed by something for 4 turns
 26900 | Snake:1  | Entered Level 1 of the Snake Pit
 27202 | Snake:1  | Reached XP level 17. HP: 77/136 MP: 30/32
 28421 | Snake:2  | Noticed Nikola
 28426 | Snake:2  | Killed Nikola
 28978 | Snake:3  | Reached skill level 10 in Conjurations
 28978 | Snake:3  | Reached skill level 10 in Hexes
 28978 | Snake:3  | Reached skill level 10 in Summonings
 28978 | Snake:3  | Reached skill level 10 in Necromancy
 28978 | Snake:3  | Reached skill level 10 in Translocations
 28978 | Snake:3  | Reached skill level 10 in Transmutations
 28978 | Snake:3  | Reached skill level 10 in Fire Magic
 28978 | Snake:3  | Reached skill level 10 in Ice Magic
 28978 | Snake:3  | Reached skill level 10 in Air Magic
 28978 | Snake:3  | Reached skill level 10 in Earth Magic
 28978 | Snake:3  | Reached skill level 10 in Poison Magic
 29562 | Snake:3  | Reached skill level 15 in Stealth
 30089 | Snake:4  | Entered Level 4 of the Snake Pit
 30092 | Snake:4  | Found Obaolyo's Jewellery Shop.
 30092 | Snake:4  | Found Soumag's Book Shoppe.
 30093 | Snake:4  | Found Tinev's Jewellery Shop.
 30105 | Snake:4  | Bought a book of Alchemy for 560 gold pieces
 30105 | Snake:4  | Bought an Everburning Encyclopedia for 720 gold pieces
 30109 | Snake:4  | Learned a level 3 spell: Ignite Poison
 30238 | Snake:4  | Identified the +1 robe of the Sea {rN++ Int+4 Stlth-}
 30242 | Snake:4  | Noticed Saint Roka
 30262 | Snake:4  | Killed Saint Roka
 30263 | Snake:4  | Reached skill level 12 in Armour
 30959 | Snake:4  | Reached XP level 18. HP: 103/145 MP: 34/34
 31206 | Snake:4  | Got a serpentine rune of Zot
 31744 | Shoals:1 | Entered Level 1 of the Shoals
 32223 | Shoals:1 | Noticed Kirke
 32238 | Shoals:1 | Killed Kirke
 33074 | Shoals:2 | Noticed Ilsuiw
 33208 | Shoals:2 | Killed Ilsuiw
 33448 | Shoals:2 | Found a runed translucent gate.
 33449 | Shoals:2 | Found a runed translucent gate.
 33450 | Shoals:2 | Found a runed translucent gate.
 33451 | Shoals:2 | Noticed Taczaky's ghost (journeyman MiFi)
 33981 | Shoals:2 | Learned a level 5 spell: Irradiate
 35236 | Shoals:3 | Found Gizureil's Visitors' Centre.
 35241 | Shoals:3 | Found Gizureil's Merfolk Magic.
 35241 | Shoals:3 | Found Gizureil's Merfolk Armours.
 35241 | Shoals:3 | Found Gizureil's Merfolk Weapons.
 35914 | Shoals:4 | Entered Level 4 of the Shoals
 35998 | Shoals:4 | Identified the +6 plate armour "Tokaicho" {Harm rPois Dex+4
                  | Stlth-}
 36387 | Shoals:4 | Identified the staff "Filoh" {rPois rC+ Poison}
 36513 | Shoals:4 | Reached skill level 13 in Armour
 36652 | Shoals:4 | Reached XP level 19. HP: 133/153 MP: 32/36
 36751 | Shoals:4 | Got a barnacled rune of Zot
 37095 | Shoals:4 | Identified the +0 robe of Levity {Str+3}
 37386 | D:14     | Gained mutation: Your spells are a little easier to cast,
                  | but a little less powerful. [mutagenic glow]
 37662 | Elf:1    | Entered Level 1 of the Elven Halls
 38209 | Elf:1    | Got the Compendium of Congregated Injury
 38303 | Elf:1    | Found Ufextu's Antique Weapon Boutique.
 38971 | Elf:2    | Identified the +0 helmet "Erenokhla" {rN+ MP+9 Slay+3}
 39191 | Elf:2    | Found Ydghicio's Jewellery Boutique.
 39199 | Elf:2    | Bought the ring of Ziaseo {rF+ rC++} for 594 gold pieces
 39237 | Elf:2    | Found a runed translucent gate.
 39250 | Elf:2    | Found a runed translucent gate.
 39250 | Elf:2    | Found a runed translucent gate.
 39292 | Elf:2    | Paralysed by an air elemental for 1 turns
 39301 | Elf:2    | Paralysed by an air elemental for 1 turns
 39365 | Elf:2    | Identified the +5 scale mail of the Other World {Int+2}
 39590 | Elf:3    | Entered Level 3 of the Elven Halls
 39628 | Abyss:2  | Cast into level 2 of the Abyss (a deep elf demonologist)
 39826 | Abyss:2  | Found a corrupted altar of Lugonu.
 39856 | Abyss:2  | Paralysed by accursed screaming for 2 turns
 39950 | Elf:3    | Escaped the Abyss
 39955 | Elf:3    | Reached skill level 15 in Fighting
 39959 | Elf:3    | Reached XP level 20. HP: 96/162 MP: 37/37
 40551 | Elf:3    | Reached skill level 15 in Invocations
 40681 | Elf:3    | Identified the +2 great sword of Ysiled {freeze, rElec rF-
                  | Int+3}
 40696 | Elf:3    | Identified the +7 quarterstaff of Excruciating Pain {heavy,
                  | Fly rCorr}
 40751 | Elf:3    | Identified the +6 morningstar "Vept" {heavy, rCorr Stlth+}
 40771 | Elf:3    | Paralysed by an air elemental for 1 turns
 41294 | Elf:3    | Identified the +7 falchion of Ash {heavy, +Blink rF+ rCorr
                  | Dex-2}
 41304 | Abyss:3  | Cast into level 3 of the Abyss (a deep elf sorcerer)
 41305 | Abyss:3  | Reached skill level 14 in Armour
 41471 | Elf:3    | Escaped the Abyss
 41682 | Elf:3    | Got the Catalogue of Space and the Lithosphere
 41809 | Elf:3    | Got Madi's Compilation of Cloudy Toxicity
 41811 | Elf:3    | Identified the +5 shortbow "Guan" {speed, Will++ Dex+3}
 42132 | Vaults:1 | Entered Level 1 of the Vaults
 42645 | Vaults:1 | Identified the +9 trident of Oshrae {freeze, Dex+2}
 43609 | Vaults:1 | Reached skill level 15 in Short Blades
 43609 | Vaults:1 | Reached skill level 15 in Dodging
 43817 | Vaults:2 | Reached XP level 21. HP: 157/170 MP: 39/39
 43919 | Vaults:2 | Learned a level 7 spell: Ozocubu's Refrigeration
 45383 | Vaults:3 | Got the Papyrus of Unholy Electricity
 46741 | Vaults:3 | Reached skill level 15 in Long Blades
 46741 | Vaults:3 | Reached skill level 15 in Axes
 46741 | Vaults:3 | Reached skill level 15 in Maces & Flails
 46741 | Vaults:3 | Reached skill level 15 in Polearms
 46741 | Vaults:3 | Reached skill level 15 in Staves
 46741 | Vaults:3 | Reached skill level 15 in Ranged Weapons
 46741 | Vaults:3 | Reached skill level 15 in Throwing
 46741 | Vaults:3 | Reached skill level 15 in Armour
 46741 | Vaults:3 | Reached skill level 15 in Shields
 46741 | Vaults:3 | Reached skill level 15 in Unarmed Combat
 46741 | Vaults:3 | Reached skill level 15 in Spellcasting
 46741 | Vaults:3 | Reached skill level 15 in Evocations
 46793 | Vaults:3 | Found a staircase to the Crypt.
 47116 | Vaults:3 | Reached XP level 22. HP: 178/178 MP: 38/41
 47366 | Vaults:4 | Paralysed by a sphinx for 5 turns
 47633 | Vaults:4 | Noticed Xtahua
 47639 | Vaults:4 | Killed Xtahua
 48649 | Vaults:4 | Paralysed by a great orb of eyes for 5 turns
 49360 | Depths:1 | Entered Level 1 of the Depths
 49360 | Depths:1 | Found a gateway to Hell.
 49367 | Depths:1 | Noticed Norris
 49517 | D:15     | Killed Norris
 49737 | Depths:1 | Identified the +9 short sword "Duejayruo" {flame, rF+ rC+
                  | Dex+5}
 49755 | Depths:1 | Identified the +4 plate armour of the Evening {Will+ Str+5
                  | Stlth-}
 49819 | Depths:1 | Found a runed translucent door.
 49819 | Depths:1 | Found a shimmering altar of Xom.
 49819 | Depths:1 | Noticed Pikuto's ghost (adept MiBe)
 49919 | Depths:1 | Found a blossoming altar of Fedhas.
 50161 | Depths:1 | Found a one-way gate leading to the halls of Pandemonium.
 50461 | Depths:2 | Found a runed translucent door.
 50461 | Depths:2 | Noticed Barug's ghost (adept TrMo)
 50498 | Depths:2 | Found a one-way gate to the infinite horrors of the Abyss.
 50835 | Depths:2 | Reached XP level 23. HP: 186/186 MP: 20/42
 51519 | Depths:2 | Found a one-way gateway to a ziggurat.
 51621 | Depths:2 | Found the +5 glaive of the Guard {elec, spectral, AC+5}
 51899 | Depths:2 | Killed Barug's ghost
 51945 | Depths:3 | Found a corrupted altar of Lugonu.
 51997 | Depths:3 | Found a stormy altar of Qazlal.
 52400 | Depths:3 | Noticed a golden dragon
 52417 | Depths:3 | Killed a golden dragon
 53126 | Depths:4 | Entered Level 4 of the Depths
 53138 | Depths:4 | Noticed Sojobo
 53144 | Depths:4 | Paralysed by an air elemental for 1 turns
 53157 | Depths:3 | Reached skill level 16 in Armour
 53251 | Depths:3 | Killed Sojobo
 53716 | Depths:4 | Noticed a juggernaut
 53729 | Depths:4 | Killed a juggernaut
 53961 | Depths:4 | Paralysed by a sphinx for 3 turns
 54004 | Depths:4 | Reached skill level 15 in Shapeshifting
 54434 | Depths:4 | Noticed a caustic shrike
 54434 | Depths:4 | Noticed a caustic shrike
 54435 | Depths:4 | Noticed a caustic shrike
 54442 | Depths:4 | Killed a caustic shrike
 54443 | Depths:4 | Reached XP level 24. HP: 147/195 MP: 29/43
 54444 | Depths:4 | Killed a caustic shrike
 54444 | Depths:4 | Killed a caustic shrike
 54941 | Depths:4 | Found a gate to the Realm of Zot.
 55459 | Hell     | Entered the Vestibule of Hell
 55462 | Hell     | Noticed Geryon
 55987 | Depths:4 | Lost mutation: Your spells are a little easier to cast, but
                  | a little less powerful. [potion of mutation]
 55987 | Depths:4 | Lost mutation: You have large cloven feet. [potion of
                  | mutation]
 55987 | Depths:4 | Gained mutation: Your magical capacity is low. (-10% MP)
                  | [potion of mutation]
 55987 | Depths:4 | Gained mutation: Your spells are a little harder to cast,
                  | but a little more powerful. [potion of mutation]
 57169 | Hell     | Killed Geryon
 57514 | Hell     | Found a gateway to the decaying netherworld of Tartarus.
 57582 | Hell     | Found a gateway to the ashen valley of Gehenna.
 57781 | Hell     | Found a gateway to the Iron City of Dis.
 57855 | Hell     | Found a gateway to the freezing wastes of Cocytus.
 58201 | Slime:1  | Entered Level 1 of the Pits of Slime
 60177 | Slime:5  | Entered Level 5 of the Pits of Slime
 60195 | Slime:5  | Learned a level 8 spell: Ignition
 60213 | Slime:5  | Noticed the Royal Jelly
 60217 | Slime:5  | Reached skill level 17 in Armour
 60218 | Slime:5  | Reached XP level 25. HP: 162/204 MP: 10/39
 60218 | Slime:5  | Killed the Royal Jelly
 60225 | Slime:5  | Gained mutation: You occasionally shout uncontrollably at
                  | your foes. [mutagenic glow]
 60438 | Slime:5  | Got Xutonot's Compilation of Poison and the Geologist
 60441 | Slime:5  | Identified the +9 plate armour of Skepticism {rElec Stlth+}
 60447 | Slime:5  | Got a slimy rune of Zot
 60569 | Slime:5  | Identified the +0 chain mail "Eliet" {Regen+ Dex+2}
 60579 | Slime:5  | Identified the staff "Elafrufoa" {+Blink rC+ Ice}
 60647 | Slime:5  | Identified the +8 long sword "Gnoll's Bane" {freeze, rElec
                  | rF+}
 60651 | Slime:5  | Identified the +5 scale mail of Vikupaud {rElec Will++
                  | SInv}
 60652 | Slime:5  | Identified the +8 morningstar of Victory {flame, Stlth+}
 60711 | Slime:5  | Got the Secrets of Corruption and the Crater
 60714 | Slime:5  | Identified the +5 falchion of Ziynuama {protect, rElec rC++
                  | Int+2}
 60728 | Slime:5  | Identified the +5 ring mail "Kuqoeh" {+Inv rElec rPois}
 61447 | Vaults:5 | Entered Level 5 of the Vaults
 61463 | Vaults:5 | Noticed a dread lich
 61618 | Vaults:5 | Paralysed by a dread lich for 3 turns
 61624 | Vaults:4 | Paralysed by a dread lich for 5 turns
 61629 | Vaults:4 | Killed a dread lich
 61871 | Vaults:5 | Noticed a dread lich
 62050 | Vaults:5 | Paralysed by a dread lich for 5 turns
 62064 | Vaults:4 | Killed a dread lich
 62184 | Vaults:5 | Identified the amulet "Koupt" {Faith rElec rCorr Dex-5
                  | Stlth+}
 62192 | Vaults:4 | Reached skill level 18 in Armour
 62579 | Vaults:5 | Found Nodetat's Distillery.
 62583 | Vaults:5 | Bought a potion of brilliance for 68 gold pieces
 62588 | Vaults:5 | Identified the +4 rapier "Giselofo" {protect, *Noise rN+
                  | Int+3 SInv}
 62689 | Vaults:5 | Found the +4 Cigotuvi's embrace {Corpsefed rMiasma Drain
                  | rN+}
 62692 | Vaults:5 | Identified the +6 trident of Haunted Duty {venom, Int+3}
 62710 | Vaults:5 | Identified the +6 spear of Inflation {freeze, Dex+3}
 62713 | Vaults:5 | Identified the +0 hat "Laevvoca" {rPois rC- Regen+ Int+4}
 62791 | Vaults:5 | Got a silver rune of Zot
 62935 | Vaults:5 | Reached skill level 15 in Conjurations
 62935 | Vaults:5 | Reached skill level 15 in Hexes
 62935 | Vaults:5 | Reached skill level 15 in Summonings
 62935 | Vaults:5 | Reached skill level 15 in Necromancy
 62935 | Vaults:5 | Reached skill level 15 in Translocations
 62935 | Vaults:5 | Reached skill level 15 in Transmutations
 62935 | Vaults:5 | Reached skill level 15 in Fire Magic
 62935 | Vaults:5 | Reached skill level 15 in Ice Magic
 62935 | Vaults:5 | Reached skill level 15 in Air Magic
 62935 | Vaults:5 | Reached skill level 15 in Earth Magic
 62935 | Vaults:5 | Reached skill level 15 in Poison Magic
 62979 | Vaults:5 | Reached XP level 26. HP: 137/213 MP: 4/40
 63204 | Vaults:5 | Identified the +5 mace of Cocytus {heavy, rC++ Str-5 Int+5}
 63557 | Crypt:1  | Entered Level 1 of the Crypt
 64266 | Crypt:1  | Paralysed by a floating eye for 3 turns
 64491 | Crypt:1  | Found an ancient bone altar of Kikubaaqudgha.
 64753 | Crypt:2  | Noticed Boris
 64768 | Crypt:2  | Killed Boris
 65416 | Crypt:2  | Identified the +8 trident "Neuk" {drain, rC- rN+ Str+2
                  | Dex+3}
 65419 | Crypt:2  | Identified the ring of Iqanti {Fly rF- Int+4 Dex+7}
 65827 | Crypt:2  | Found a basalt altar of Yredelemnul.
 66068 | Crypt:3  | Entered Level 3 of the Crypt
 66081 | Crypt:3  | Reached skill level 19 in Armour
 66395 | Crypt:3  | Found a staircase to the Tomb.
 66395 | Crypt:3  | Found the +5 scythe "Finisher" {speed, execute}
 66426 | Crypt:3  | Found a basalt altar of Yredelemnul.
 66427 | Crypt:3  | Noticed an ancient lich
 66441 | Crypt:3  | Killed an ancient lich
 66533 | Crypt:3  | Identified the amulet of Midsummer {Drain Regen+ Str+6
                  | Dex+2}
 66533 | Crypt:3  | Identified the ring of Vohont {rF+ rN+ Will+}
 66550 | Crypt:3  | Identified the +9 flail "Peix" {freeze, Dex+3}
 66559 | Crypt:3  | Identified the +1 hand axe of Severance {elec, rElec rCorr
                  | Dex+3}
 67336 | Depths:2 | Voluntarily entered the Abyss.
 67356 | Abyss:3  | Found a transporter.
 67392 | Abyss:3  | Reached XP level 27. HP: 220/222 MP: 40/40
 67405 | Abyss:3  | Noticed a dread lich
 67410 | Abyss:3  | Killed a dread lich
 67436 | Abyss:3  | Found a transporter.
 67440 | Abyss:3  | Found a transporter.
 67442 | Abyss:3  | Got an abyssal rune of Zot
 67559 | Depths:2 | Escaped the Abyss
 67569 | Depths:2 | Learned a level 8 spell: Lehudib's Crystal Spear
 67679 | Zot:1    | Entered Level 1 of the Realm of Zot
 68413 | Zot:1    | Found a transporter.
 68417 | Zot:1    | Noticed Emoisch's ghost (adept MiFi)
 68589 | Zot:1    | Noticed an orb of fire
 68713 | Zot:1    | Found a transporter.
 69012 | Zot:2    | Noticed an orb of fire
 69012 | Zot:2    | Gained mutation: You are weak. (Str -2) [an orb of fire]
 69016 | Zot:2    | Gained mutation: You have hidden genetic defects. [an orb
                  | of fire]
 69018 | Zot:2    | Killed an orb of fire
 69026 | Zot:2    | Lost mutation: You are weak. (Str -2) [potion of mutation]
 69026 | Zot:2    | Lost mutation: You have hidden genetic defects. [potion of
                  | mutation]
 69026 | Zot:2    | Gained mutation: You are mostly covered in iridescent
                  | scales. (AC +4) [potion of mutation]
 69026 | Zot:2    | Gained mutation: Your mind is acute. (Int +4, Str/Dex -1)
                  | [potion of mutation]
 69530 | Zot:2    | Reached skill level 20 in Armour
 70009 | Zot:2    | Noticed an orb of fire
 70017 | Zot:2    | Killed an orb of fire
 70675 | Zot:3    | Identified the +1 pair of boots of Ashenzari's Regard
                  | {-Cast +Blink rN+++ Str+3}
 72722 | Zot:4    | Noticed an orb of fire
 72725 | Zot:4    | Gained mutation: You frequently scream uncontrollably at
                  | your foes. [an orb of fire]
 72727 | Zot:4    | Gained mutation: You sometimes lose your temper in combat.
                  | [an orb of fire]
 72730 | Zot:4    | Killed an orb of fire
 72930 | Zot:4    | Reached skill level 21 in Armour
 73169 | Zot:4    | Identified the +0 robe of Rizi {rElec Dex+3 Archmagi}
 73364 | Zot:5    | Entered Level 5 of the Realm of Zot
 74199 | Zot:5    | Learned a level 9 spell: Shatter
 74265 | Zot:5    | Noticed a dread lich
 74320 | Zot:5    | Noticed a dread lich
 74329 | Zot:5    | Killed a dread lich
 74345 | Zot:5    | Killed a dread lich
 74362 | Zot:5    | Noticed an ancient lich
 74362 | Zot:5    | Noticed a dread lich
 74364 | Zot:5    | Killed an ancient lich
 74366 | Zot:5    | Killed a dread lich
 74519 | Zot:5    | Noticed an ancient lich
 74525 | Zot:5    | Killed an ancient lich
 74605 | Zot:5    | Noticed an orb of fire
 74612 | Zot:5    | Killed an orb of fire
 74616 | Zot:5    | Noticed an orb of fire
 74625 | Zot:5    | Noticed an ancient lich
 74625 | Zot:5    | Noticed an ancient lich
 74627 | Zot:5    | Gained mutation: You are occasionally teleported next to
                  | monsters. [an orb of fire]
 74628 | Zot:5    | Killed an orb of fire
 74635 | Zot:5    | Killed an ancient lich
 74639 | Zot:5    | Killed an ancient lich
 74644 | Zot:5    | Lost mutation: Your magical capacity is low. (-10% MP)
                  | [potion of mutation]
 74644 | Zot:5    | Lost mutation: You sometimes lose your temper in combat.
                  | [potion of mutation]
 74644 | Zot:5    | Lost mutation: Your spells are a little harder to cast, but
                  | a little more powerful. [potion of mutation]
 74644 | Zot:5    | Gained mutation: Armour fits poorly on your strangely
                  | shaped body. [potion of mutation]
 74645 | Zot:5    | Lost mutation: You are mostly covered in iridescent scales.
                  | (AC +4) [potion of mutation]
 74645 | Zot:5    | Lost mutation: You are partially covered in iridescent
                  | scales. (AC +2) [potion of mutation]
 74645 | Zot:5    | Gained mutation: You are frail. (-10% HP) [potion of
                  | mutation]
 74645 | Zot:5    | Gained mutation: You possess an exceptional clarity of
                  | mind. [potion of mutation]
 74646 | Zot:5    | Lost mutation: You frequently scream uncontrollably at your
                  | foes. [potion of mutation]
 74646 | Zot:5    | Lost mutation: You possess an exceptional clarity of mind.
                  | [potion of mutation]
 74646 | Zot:5    | Gained mutation: You frequently scream uncontrollably at
                  | your foes. [potion of mutation]
 74646 | Zot:5    | Gained mutation: You have sharp toenails. [potion of
                  | mutation]
 74646 | Zot:5    | Gained mutation: You have an increased reservoir of magic.
                  | (+10% MP) [potion of mutation]
 74647 | Zot:5    | Lost mutation: You have sharp toenails. [potion of
                  | mutation]
 74647 | Zot:5    | Lost mutation: Armour fits poorly on your strangely shaped
                  | body. [potion of mutation]
 74647 | Zot:5    | Lost mutation: You have an increased reservoir of magic.
                  | (+10% MP) [potion of mutation]
 74647 | Zot:5    | Lost mutation: You are frail. (-10% HP) [potion of
                  | mutation]
 74648 | Zot:5    | Lost mutation: You are occasionally teleported next to
                  | monsters. [potion of mutation]
 74648 | Zot:5    | Lost mutation: Your mind is acute. (Int +4, Str/Dex -1)
                  | [potion of mutation]
 74648 | Zot:5    | Lost mutation: You frequently scream uncontrollably at your
                  | foes. [potion of mutation]
 74648 | Zot:5    | Gained mutation: You are partially covered in iridescent
                  | scales. (AC +2) [potion of mutation]
 74648 | Zot:5    | Gained mutation: You occasionally lose the ability to read
                  | scrolls when taking damage. [potion of mutation]
 74648 | Zot:5    | Gained mutation: You are resistant to electric shocks.
                  | (rElec) [potion of mutation]
 74649 | Zot:5    | Lost mutation: You occasionally lose the ability to read
                  | scrolls when taking damage. [potion of mutation]
 74649 | Zot:5    | Lost mutation: You are resistant to electric shocks.
                  | (rElec) [potion of mutation]
 74649 | Zot:5    | Lost mutation: You are partially covered in iridescent
                  | scales. (AC +2) [potion of mutation]
 74649 | Zot:5    | Gained mutation: You have a pair of small antennae on your
                  | head. [potion of mutation]
 74649 | Zot:5    | Gained mutation: Your magical capacity is low. (-10% MP)
                  | [potion of mutation]
 75139 | Zot:5    | Noticed an ancient lich
 75275 | Zot:5    | Noticed an orb of fire
 75285 | Zot:5    | Gained mutation: You have sharp toenails. [an orb of fire]
 75288 | Zot:5    | Killed an orb of fire
 75441 | Zot:5    | Noticed an ancient lich
 75445 | Zot:5    | Killed an ancient lich
 75474 | Zot:5    | Noticed an orb of fire
 75475 | Zot:5    | Lost mutation: Your magical capacity is low. (-10% MP) [an
                  | orb of fire]
 75482 | Zot:5    | Gained mutation: You have hidden genetic defects. [an orb
                  | of fire]
 75485 | Zot:5    | Killed an orb of fire
 75645 | Zot:5    | Lost mutation: You occasionally shout uncontrollably at
                  | your foes. [potion of mutation]
 75645 | Zot:5    | Lost mutation: You have hidden genetic defects. [potion of
                  | mutation]
 75645 | Zot:5    | Lost mutation: You have a pair of small antennae on your
                  | head. [potion of mutation]
 75645 | Zot:5    | Gained mutation: You are frail. (-10% HP) [potion of
                  | mutation]
 75645 | Zot:5    | Gained mutation: You have a pair of small antennae on your
                  | head. [potion of mutation]
 75645 | Zot:5    | Gained mutation: You are agile. (Dex +4, Str/Int -1)
                  | [potion of mutation]
 75645 | Zot:5    | Gained mutation: Your flesh is cold resistant. (rC+)
                  | [potion of mutation]
 75750 | Zot:5    | Killed an ancient lich
 75759 | Zot:5    | Noticed an ancient lich
 75765 | Zot:5    | Killed an ancient lich
 75766 | Zot:5    | Reached skill level 22 in Armour
 76237 | Zot:5    | Noticed an ancient lich
 76243 | Zot:5    | Killed an ancient lich
 76473 | Zot:5    | Got the Orb of Zot
 76993 | D:6      | Noticed Gocenkus the pandemonium lord
 76997 | D:6      | Killed Gocenkus the pandemonium lord
 77081 | D:4      | Noticed Usivypor the pandemonium lord
 77088 | D:4      | Killed Usivypor the pandemonium lord
 77211 | D:$      | Escaped with the Orb!

Illustrated notes

Levels and vault maps discovered:
D:1:      minmay_arrival_three_doors, layout_basic, minmay_tetromino_l4
D:2:      layout_basic, hellmonk_ecumenical_altar_heavens_door, serial_shops,
          nicolae_shop_mannequins, minmay_misc_feat_x,
          kennysheep_decorative_pillar, minmay_rat_gold_closets, uniq_sigmund
D:3:      layout_basic
D:4:      cheibrodos_helix_gallery, layout_basic,
          mainiacjoe_overflow_concentric_impassable, kennysheep_generic_room_6
D:5:      layout_gridville, serial_bayou_lake_a, uniq_edmund
D:6:      layout_loops_corners, temple_hall, portal_sewer_entry_b,
          minmay_misc_feat_pillars, minmay_bent
D:7:      kennysheep_steamy, layout_cave_pools, uniq_crazy_yiuf_cottage
D:8:      layout_basic
D:9:      layout_loops_ring, led_sif_pool, grunt_dithmenos_shadows, erik_orc_2,
          minivault_16
D:10:     minmay_the_grid_octo_tiled_octocenter [minmay_the_grid_octo_shrine,
          minmay_the_grid_octo_clover_2, minmay_the_grid_octo_checkerflower,
          minmay_the_grid_octo_vomiting_pacman,
          minmay_the_grid_octo_prize_big_c, minmay_the_grid_square_5x5_plus,
          minmay_the_grid_square_5x5_n_small, minmay_the_grid_square_5x5_six,
          minmay_the_grid_square_5x5_half_checkered], layout_irregular_city,
          mainiacjoe_overflow_brackets, mainiacjoe_overflow_boulevard,
          uniq_maggie, uniq_grum
D:11:     layout_roguey, gauntlet_entry_generic, kennysheep_island_fort
D:12:     layout_long_grid, nzn_ghost_randoct
D:13:     layout_basic, erik_vaults_2, bh_circular_ruins, uniq_sonja
D:14:     gammafunk_cloud_chamber, layout_loops_ring, minmay_holes
D:15:     hellmonk_depths_entry_around_the_bend, layout_long_grid,
          nicolae_two_hexagons
Temple:   minmay_temple_bridge_d
Lair:1:   layout_cave_pods, serial_bayou, serial_bayou_crossing,
          serial_bayou_pond_a, serial_bayou_pond_b, serial_bayou_ford_a,
          lemuel_fruit_fields, uniq_joseph, uniq_nergalle, uniq_urug
Lair:2:   layout_chaotic_city, elwin_shoals_entry_stream, lemuel_old_faithful
Lair:3:   layout_long_grid, minmay_snake_entry_six_corridors
Lair:4:   slaughterhouse, layout_big_grid, slime_entry_1,
          nicolae_volcano_entry_lava_flow, nicolae_quartered_pool_impasse,
          minmay_lair_drake_nest, lemuel_fruit_tree
Lair:5:   evilmike_catoblepas_cave, layout_small_grid
Shoals:1: layout_shoals, uniq_kirke
Shoals:2: layout_shoals, gammafunk_ghost_necromancy, uniq_ilsuiw
Shoals:3: nicolae_shoals_mermall, layout_shoals, st_shoals_ruin
Shoals:4: shoals_end_grunt_ice, layout_shoals
Snake:1:  nicolae_snakescales, layout_misc_corridors,
          nrook_guardian_serpent_double
Snake:2:  layout_cave_shapes, grunt_ministairs_10, corexii_hall_statues_x,
          nicolae_snake_gridmaze_spiral, nicolae_coiled_stairwell_up,
          uniq_nikola
Snake:3:  layout_chambers, nicolae_letterblocks [nicolae_letter_subblock,
          nicolae_letter_subblock, nicolae_letter_subblock,
          nicolae_letter_subblock, nicolae_letter_subblock,
          nicolae_letter_subblock, nicolae_letter_subblock,
          nicolae_letter_subblock, nicolae_letter_subblock,
          nicolae_letter_subblock, nicolae_letter_subblock,
          nicolae_letter_subblock, nicolae_letter_subblock,
          nicolae_letter_subblock, nicolae_letter_subblock,
          nicolae_letter_subblock, nicolae_letter_subblock,
          nicolae_letter_subblock, nicolae_letter_subblock,
          nicolae_letter_subblock, nicolae_letter_subblock,
          nicolae_letter_subblock, nicolae_letter_subblock,
          nicolae_letter_subblock, nicolae_letter_subblock]
Snake:4:  minmay_snake_end_coiled, layout_gridlike, minmay_shop_grove,
          uniq_saint_roka
Slime:1:  layout_caves, nicolae_slime_phagocytosis
Slime:2:  layout_caves, cheibrodos_slime_lost_civilization_6
Slime:3:  layout_caves
Slime:4:  layout_caves, uniq_dissolution
Slime:5:  slime_pit_nicolae_inversion
Orc:1:    layout_caves, serial_shops, nicolae_shop_window_shopping, basic_altar
Orc:2:    grunt_orc_tribal_feast, layout_caves
Elf:1:    nicolae_elf_arrival_fired_up, layout_loops_corners, serial_shops,
          shop, minmay_elf_sorcery
Elf:2:    nicolae_elf_blades_crystal_corner, layout_loops_ring, serial_shops,
          shop, laboratory
Elf:3:    minmay_elf_hall_quartered_circle, layout_gridlike,
          serial_corexii_hall, chequers_hall_statues_corner_a,
          corexii_hall_statues_t, chequers_hall_statues_corner_a,
          chequers_hall_statues_corner_a
Vaults:1: nicolae_vaults_six-pack, nicolae_vaults_puzzle_piece,
          grunt_vaults_bifocal, v_misc_10, vaults_mumra_chevron_long,
          kb_rosetta, nicolae_vaults_network_square,
          ontoclasm_vaults_loading_screen, nicolae_vaults_what_the_h, v_misc_18,
          layout_vaults_omnigrid
Vaults:2: nicolae_vaults_bisected_exclaves, nicolae_vaults_twisting_passages,
          nicolae_vaults_lightning_bolt, vaults_room_ringed_pool,
          ontoclasm_vaults_shuriken, nicolae_vaults_trapezoid_lopsided_1,
          ontoclasm_vaults_twist, vaults_room_corners, nicolae_vaults_cochlea,
          vaults_dpeg_ring, nicolae_vaults_two_Ls, layout_vaults_omnicross
Vaults:3: minmay_crypt_entry_skeletal_spiral, nicolae_vaults_heist,
          ontoclasm_vaults_idyll, v_misc_25, nicolae_vaults_trapezoid_3,
          vaults_dpeg_emergency_exit, vaults_room_grunt_arrival_checkpoint,
          ontoclasm_vaults_ring_large, nicolae_vaults_off_center_swirl,
          nicolae_vaults_mini_display_case, hangedman_vaults_slice,
          ontoclasm_vaults_tryst, v_misc_12, nicolae_vaults_tetromino_L_1,
          nicolae_vaults_tetromino_L_1, nicolae_vaults_double_plus_1,
          ontoclasm_vaults_gateway, layout_vaults_ring
Vaults:4: nicolae_vaults_triangles, v_misc_10, v_pattern_4,
          nicolae_vaults_circle_grid_a, vaults_room_door_hall,
          vaults_dpeg_doors, nicolae_vaults_little_squares_5,
          nicolae_vaults_closet_pinwheel_4, v_misc_10,
          layout_vaults_chaotic_city, uniq_xtahua
Vaults:5
Crypt:1:  cheibrodos_crypt_eye_of_stone, layout_gridlike, grunt_megastairs_4
Crypt:2:  layout_chaotic_city, lemuel_statue_altar, st_shrine_of_skulls,
          lemuel_elevator, uniq_boris
Crypt:3:  cryptofortress_bobbens
Depths:1: layout_cave_shapes, minmay_tree_intersection, grunt_pan_entry_zigzag,
          hell_entry, ebering_ghost_xom, fedhas_altar_1,
          nicolae_triple_integral, uniq_norris
Depths:2: minmay_guarded_unrand_guard, layout_twisted_cross, enter_ziggurat_a,
          hangedman_abyss_entry_splay, serial_sigils_hangedman_clutch,
          grunt_pan_entry_in_and_out, hellmonk_ghost_happy_afterlife, hell_entry
Depths:3: kennysheep_big_flooded_room, layout_gridlike, abyss_entry_flame_altar,
          nicolae_qazlal_scattered_showers, grunt_hell_entry_dis_grunt,
          infiniplex_staircase_x
Depths:4: evilmike_zot_entry_gauntlet, layout_gridlike, special_room
          [special_room_mythical_zoo], pf_hell_entry_tar_river, uniq_sojobo
Hell
Zot:1:    layout_concentric_octagons, gammafunk_ghost_berserking_beasts,
          nrook_zot_tub
Zot:2:    layout_gridlike, hangedman_zot_diagonal_lockstep
Zot:3:    layout_onion_interference, grunt_megastairs_3, lemuel_elevator
Zot:4:    layout_misc_corridors, grunt_megastairs_2
Zot:5:    layout_basic

Skill      XL: |  1  2  3  4  5  6  7  8  9 10 11 12 13 14 15 16 17 18 19 20 21 22 23 24 25 26 27 |
---------------+----------------------------------------------------------------------------------+-----
Stealth        | 10 11 12 13 14 15 16 17 18 19 20 21 | 21.6
Invocations    | 1 2 3 4 5 6 7 8 9 10 11 12 13 14 15 16 17 18 19 21 | 21.5
Long Blades    | 1 2 3 4 5 7 8 9 10 11 12 13 14 15 16 17 18 19 | 19.9
Axes           | 1 2 3 4 5 7 8 9 10 11 12 13 14 15 16 17 18 19 | 19.9
Maces & Flails | 1 2 3 4 5 7 8 9 10 11 12 13 14 15 16 17 18 19 | 19.9
Polearms       | 1 2 3 4 5 7 8 9 10 11 12 13 14 15 16 17 18 19 | 19.9
Staves         | 1 2 3 4 5 7 8 9 10 11 12 13 14 15 16 17 18 19 | 19.9
Ranged Weapons | 1 2 3 4 5 7 8 9 10 11 12 13 14 15 16 17 18 19 | 19.9
Throwing       | 1 2 3 4 5 7 8 9 10 11 12 13 14 15 16 17 18 19 | 19.9
Armour         | 1 2 3 4 5 7 8 9 10 11 12 13 14 15 16 17 18 19 22 | 22.2
Shields        | 1 2 3 4 5 7 8 9 10 11 12 13 14 15 16 17 18 19 | 19.9
Unarmed Combat | 1 2 3 4 5 7 8 9 10 11 12 13 14 15 16 17 18 19 | 19.9
Spellcasting   | 1 2 3 4 5 7 8 9 10 11 12 13 14 15 16 17 18 19 | 19.9
Evocations     | 1 2 3 4 5 7 8 9 10 11 12 13 14 15 16 17 18 19 | 19.9
Shapeshifting  | 1 2 3 4 5 6 7 8 9 10 11 12 13 14 15 16 18 | 18.4
Conjurations   | 1 2 3 4 5 6 7 8 9 10 11 12 13 14 15 18 | 18.5
Hexes          | 1 2 3 4 5 6 7 8 9 10 11 12 13 14 15 17 | 17.0
Summonings     | 1 2 3 4 5 6 7 8 9 10 11 12 13 14 15 17 | 17.0
Necromancy     | 1 2 3 4 5 6 7 8 9 10 11 12 13 14 15 17 | 17.0
Translocations | 1 2 3 4 5 6 7 8 9 10 11 12 13 14 15 17 | 17.0
Transmutations | 1 2 3 4 5 6 7 8 9 10 11 12 13 14 15 17 | 17.0
Fire Magic     | 1 2 3 4 5 6 7 8 9 10 11 12 13 14 15 17 | 17.0
Ice Magic      | 1 2 3 4 5 6 7 8 9 10 11 12 13 14 15 17 | 17.0
Air Magic      | 1 2 3 4 5 6 7 8 9 10 11 12 13 14 15 17 | 17.0
Earth Magic    | 1 2 3 4 5 6 7 8 9 10 11 12 13 14 15 17 | 17.0
Poison Magic   | 1 2 3 4 5 6 7 8 9 10 11 12 13 14 15 17 | 17.0
Short Blades   | 5 6 7 8 9 10 11 12 13 14 15 16 17 18 20 | 20.3
Dodging        | 5 6 7 8 9 10 11 12 13 14 15 16 17 18 20 | 20.3
Fighting       | 7 8 9 10 11 12 13 14 15 16 17 18 19 20 | 20.8

Action                     |  1- 3 |  4- 6 |  7- 9 | 10-12 | 13-15 | 16-18 | 19-21 | 22-24 | 25-27 || total
---------------------------+-------+-------+-------+-------+-------+-------+-------+-------+-------++-------
  Melee: Short sword       |   138 |    99 |       |       |       |       |       |       |       ||   237
         Bite              |    12 |    10 |    20 |    49 |   108 |   142 |   167 |   265 |   288 ||  1061
         Punch             |     5 |     3 |       |       |       |       |       |       |       ||     8
         Kick              |       |    36 |    64 |   136 |    32 |       |       |       |       ||   268
         Whip              |       |    58 |       |       |       |       |       |       |       ||    58
         Long sword        |       |    13 |   279 |   382 |   230 |       |       |       |       ||   904
         Broad axe         |       |       |       |       |   512 |   818 |   859 |  1217 |  1248 ||  4654
         Staff             |       |       |       |       |     6 |       |    36 |       |       ||    42
  Throw: Dart              |     4 |    17 |     3 |     3 |       |       |       |       |       ||    27
         Javelin           |       |     2 |     3 |       |       |       |       |       |       ||     5
   Cast: Poisonous Vapours |       |       |     4 |     8 |       |       |       |       |       ||    12
         Olgreb's Toxic Ra |       |       |       |    61 |    56 |    38 |    13 |    13 |       ||   181
         Vhi's Electric Ch |       |       |       |     5 |    21 |     8 |       |       |       ||    34
         Arcjolt           |       |       |       |       |    11 |    16 |     8 |    16 |       ||    51
         Plasma Beam       |       |       |       |       |     7 |   158 |   112 |   236 |   110 ||   623
         Eringya's Noxious |       |       |       |       |     3 |    11 |    12 |     4 |     1 ||    31
         Ignite Poison     |       |       |       |       |       |    23 |    13 |     8 |       ||    44
         Irradiate         |       |       |       |       |       |     2 |    20 |    20 |    34 ||    76
         Ozocubu's Refrige |       |       |       |       |       |       |    27 |    38 |     6 ||    71
         Ignition          |       |       |       |       |       |       |       |     7 |    48 ||    55
         Lehudib's Crystal |       |       |       |       |       |       |       |       |   206 ||   206
         Shatter           |       |       |       |       |       |       |       |       |     1 ||     1
 Invoke: Slouch            |       |       |       |     4 |       |     2 |     1 |       |     2 ||     9
         Step From Time    |       |       |       |       |       |       |     1 |       |     2 ||     3
  Evoke: Wand              |       |       |     2 |     1 |     1 |     3 |       |       |       ||     7
    Use: Scroll            |     3 |     2 |     8 |     9 |    17 |     4 |     9 |     7 |     3 ||    62
         Potion            |       |     2 |     2 |       |     4 |     1 |    11 |     3 |    21 ||    44
   Stab: Sleeping          |     8 |    13 |     6 |     8 |    28 |     9 |    21 |    12 |    12 ||   117
         Distracted        |       |       |     2 |     1 |     3 |     5 |     8 |     5 |    10 ||    34
         Petrified         |       |       |       |       |     2 |       |       |       |       ||     2
         Invisible         |       |       |       |       |       |       |       |       |     9 ||     9
 Armour: Leather armour    |    55 |    70 |   196 |   187 |       |       |       |       |       ||   508
         Swamp dragon scal |       |       |       |    49 |   398 |   407 |   449 |   590 |   631 ||  2524
  Dodge: Dodged            |   111 |    90 |   263 |   349 |   735 |   837 |   839 |  1256 |  1149 ||  5629
  Block: Buckler           |       |     3 |    91 |   161 |   410 |    40 |       |       |       ||   705
         Kite shield       |       |       |       |       |       |   873 |   894 |  1596 |  1518 ||  4881

Table legend: (Time is in decaauts)
 A = Elapsed time spent in this place.
 B = Non-inter-level travel time spent in this place.
 C = Inter-level travel time spent in this place.
 D = Time resting spent in this place.
 E = Time spent auto-exploring this place.
 F = Levels seen in this place.
 G = Mean time per level.
                   A        B        C        D        E       F      G
               +--------+--------+--------+--------+--------+-----+--------+
         Total | 111996 | 101150 |  10846 |   6521 |  77095 |  63 | 1777.7 |
       Dungeon |  26667 |  21436 |   5231 |    379 |  17578 |  15 | 1777.8 |
        Temple |    159 |      1 |    158 |      0 |      0 |   1 |  159.0 |
          Lair |  10235 |   8953 |   1282 |    548 |   6851 |   5 | 2047.0 |
        Shoals |   7369 |   7102 |    267 |    711 |   5177 |   4 | 1842.2 |
     Snake Pit |   7606 |   7418 |    188 |    114 |   6195 |   4 | 1901.5 |
    Slime Pits |   4744 |   4395 |    349 |    542 |   3209 |   5 |  948.8 |
  Orcish Mines |   2772 |   2447 |    325 |    101 |   1981 |   2 | 1386.0 |
   Elven Halls |   5857 |   5616 |    241 |    642 |   3875 |   3 | 1952.3 |
        Vaults |  14186 |  12964 |   1222 |    699 |  10444 |   5 | 2837.2 |
         Crypt |   5181 |   5049 |    132 |     66 |   3895 |   3 | 1727.0 |
        Depths |  11233 |  10397 |    836 |   1702 |   6957 |   4 | 2808.2 |
          Hell |    999 |    952 |     47 |      0 |    603 |   1 |  999.0 |
           Zot |  11862 |  11301 |    561 |    986 |   8474 |   5 | 2372.4 |
         Abyss |   1047 |   1047 |      0 |      0 |    594 |   3 |  349.0 |
         Sewer |    691 |    691 |      0 |      0 |    413 |   1 |  691.0 |
       Volcano |    656 |    656 |      0 |      0 |    411 |   1 |  656.0 |
      Gauntlet |    724 |    724 |      0 |     30 |    433 |   1 |  724.0 |
               +--------+--------+--------+--------+--------+-----+--------+

Top non-repeatable levels by time:
Depths:4: 5177 daAuts
   Zot:5: 3709 daAuts
Vaults:4: 3648 daAuts
Vaults:3: 3349 daAuts
     D:9: 2859 daAuts
    D:10: 2642 daAuts
Depths:2: 2627 daAuts
Vaults:1: 2614 daAuts
    D:15: 2553 daAuts
Vaults:2: 2511 daAuts
  Lair:2: 2456 daAuts
 Snake:3: 2359 daAuts
Shoals:2: 2354 daAuts
   Zot:4: 2340 daAuts
    D:13: 2304 daAuts
